 Dungeon Crawl Stone Soup version 0.29.1-14-g9c671dbff4 (console) character file.

Game seed: 10035959189886304677

844 Goreval the Conjurer (level 8, -12/46 HPs)
             Began as an Octopode Conjurer on Feb 10, 2023.
             Was a Priest of Dithmenos.
             Killed from afar by an orc wizard (18 damage)
             ... with a puff of flame
             ... on level 5 of the Dungeon on Feb 14, 2023.
             The game lasted 00:32:53 (5829 turns).

Goreval the Conjurer (Octopode Conjurer)            Turns: 5829, Time: 00:32:53

Health: -12/46     AC:  1    Str:  7    XL:     8   Next: 0%
Magic:  7/13       EV: 29    Int: 22    God:    Dithmenos [***...]
Gold:   217        SH:  0    Dex: 14    Spells: 3/14 levels left

rFire   x . .      SeeInvis .   k - +1 whip (venom)
rCold   + . .      Faith    .   (no shield)
rNeg    . . .      Spirit   .   (helmet restricted)
rPois   .          Reflect  .   c - amulet of the acrobat
rElec   .          Harm     .   j - ring "Waepsut" {Ice Dex+4}
rCorr   .          Rampage  .   (no ring)
Will    .....                   (no ring)
Stlth   +++++.....              (no ring)
HPRegen 0.15/turn               (no ring)
MPRegen 0.13/turn               (no ring)
                                (no ring)
                                (no ring)

@: acrobatic, wreathed by umbra
A: almost no armour, amphibious, 8 rings, camouflage 1, gelatinous body 1,
(nimble swimmer 1), tentacles
a: Renounce Religion, Shadow Step


You were on level 5 of the Dungeon.
You worshipped Dithmenos.
Dithmenos was most pleased with you.
You visited 1 branch of the dungeon, and saw 5 of its levels.
You also visited: Sewer.

You collected 251 gold pieces.
You spent 34 gold pieces at shops.

Inventory:

Hand Weapons
 k - a +1 whip of venom (weapon)
Missiles
 e - 8 boomerangs
Armour
 x - a +0 buckler
Jewellery
 c - an amulet of the acrobat (around mantle)
 j - the ring "Waepsut" (left tentacle) {Ice Dex+4}
   (You found it on level 2 of the Dungeon)

   [ring of ice]

   It enhances your ice magic.
   Dex:       It affects your dexterity (+4).
   rF:        It makes you vulnerable to fire.
   rC:        It protects you from cold.
Wands
 r - a wand of acid (2)
Scrolls
 b - a scroll of vulnerability {unknown}
 d - 3 scrolls of noise {unknown}
 g - a scroll of summoning {unknown}
 i - a scroll of enchant weapon {unknown}
 o - 2 scrolls of immolation {unknown}
 q - 4 scrolls of butterflies {unknown}
 t - a scroll of teleportation {unknown}
 u - a scroll of enchant armour {unknown}
 v - a scroll of identify
Potions
 a - a potion of magic
 f - 2 potions of curing
 l - a potion of brilliance
 m - 3 potions of lignification
 n - a potion of ambrosia {unknown}
 p - a potion of haste {unknown}
 s - a potion of mutation
 w - 3 potions of flight {unknown}
 z - a potion of attraction {unknown}


   Skills:
 + Level 4.1 Dodging
 - Level 5.0 Stealth
 + Level 3.8 Spellcasting
 + Level 6.2 Conjurations
 * Level 2.9 Hexes
 - Level 2.1 Translocations


You had 3 spell levels left.
You knew the following spells:

 Your Spells              Type           Power      Damage    Failure   Level
a - Magic Dart            Conj           100%       1d8       1%          1
b - Searing Ray           Conj           62%        2d6       1%          2
c - Dazzling Flash        Conj/Hex       48%        N/A       5%          3
d - Confusing Touch       Hex            17%        N/A       11%         3
n - Blink                 Tloc           26%        N/A       7%          2

Your spell library contained the following spells:

 Spells                   Type           Power      Damage    Failure   Level
 Slow                     Hex            68%        N/A       3%          1
 Gell's Gravitas          Tloc           13%        N/A       14%         3
 Lesser Beckoning         Tloc           13%        N/A       14%         3
 Teleport Other           Tloc           13%        N/A       14%         3
 Vampiric Draining        Necr           4%         2d6       34%         3
 Fulminant Prism          Conj/Hex       12%        3d9       17%         4
 Iskenderun's Mystic Bla  Conj/Tloc      22%        2d6       21%         4
 Iskenderun's Battlesphe  Conj           31%        2d8       24%         5
 Fireball                 Conj/Fire      8%         3d6       65%         5
 Manifold Assault         Tloc           13%        N/A       78%         5
 Conjure Ball Lightning   Conj/Air       8%         3x3d6     99%         6
 Death Channel            Necr           2%         N/A       100%        6
 Dispersal                Tloc           6%         N/A       100%        6
 Simulacrum               Ice/Necr       3%         N/A       100%        6
 Orb of Destruction       Conj           15%        9d7       100%        7
 Infestation              Necr           2%         N/A       100%        8


Dungeon Overview and Level Annotations

Branches:
Dungeon (5/15) Zot: 24754  Temple (0/1) D:5           Sewer (visited)

Altars:
Cheibriados
Dithmenos
Uskayaw

Shops:
D:2 (**[   D:5 *

Annotations:
D:5 exclusions: orc priest and orc wizard, Edmund


Innate Abilities, Weirdness & Mutations

You cannot wear most types of armour.
You are amphibious.
You can wear up to eight rings at the same time.
Your skin changes colour to match your surroundings (Stealth+).
Your rubbery body absorbs attacks. (AC +1, EV +1)
((You are camouflaged when in or above water. (Stealth+)))
You have tentacles for arms and can constrict up to eight enemies at once.


Message History

You miss something. Your squeeze misses something. Something hits you.
* * * LOW HITPOINT WARNING * * *
Something misses you. Something hits you.
* * * LOW HITPOINT WARNING * * *
Something misses you.
The magic dart hits something.
Something hits you.
* * * LOW HITPOINT WARNING * * *
Okay, then.
Unknown command.
You feel much better. Something hits you.
You feel better. Something barely misses you.
You miss something.
You hear some strange, mumbled words.
A magic dart appears from out of thin air!
The magic dart hits you!
You barely miss something.
You hear some strange, mumbled words.
Something tries to affect you, but you resist.
Something barely misses you.
Unknown command.
Unknown command.
Something barely misses you.
You hear some strange, mumbled words.
A puff of flame appears from out of thin air!
The puff of flame hits you! The fire burns you terribly!
* * * LOW HITPOINT WARNING * * *
Okay, then.
Okay, then.
Okay, then.
The magic dart hits something but does no damage.
A magic dart appears from out of thin air!
The magic dart hits you.
* * * LOW HITPOINT WARNING * * *
The magic dart hits something but does no damage.
You hear some strange, mumbled words.
A puff of flame appears from out of thin air!
The puff of flame hits you!! The fire burns you terribly!
You die...

####### #.....########. #########
#.###.......... #<......#
##.#...........# #.#####.# #####
####..#.#..#######. #.# #.########..)#
#######...#......####.... #.#
#............# ##..∩.....###.>..#.†......
#.# #.########...#
#.........####..#.#..#.##. #.#####.#
##.## #........{............... #.......#
#.####.†.###..###..#.#....#.## ####.####
#.##.....#.#.@..#..#.#......# .. .. #..#
######.##.#...#.#..###..###....#.#
####..# ##..# #.##
#........................ ....##.# .....#
#....# #.#
#.#######..##.###..###..#.#.#.# #
##.>..##...... #.# #.#
#..##...#....#..#.#...# ###....##.......
#.# #.# #..##.###..###..###...
.....).#........ #.# #####.##
#..##................. #....#........ #.#
#......# #..##.###..#.#..
#...#######............. #.# #.###.##
#..)....#..# # #...<....@o....#........
#.# #.# ### ##..#.###..###..#
#....#.###.#####)#...... ##### #.# #.#
#..#.........................####)##...##
#...###.# #.#
#..[†....)...#####...........)..@o.....#
#.......# #.#
##.#########........#..#####'##†..####.#
#...##### #.# #.# ######..#..# ..#..## #
##.## #.# #.######### #.....# ..#.## #.#
#.# #.).<.....# ##.##.# ..#)# #.# #.#
#########.# #. #. #.# #.# #.# #.# #.# #.#
#.# #.# .########.# #.# ###.### #.#
.......[..### #.# #.....# #.#
#...........# #.# #.###.## #.#
###########.# #.# #.# #..# #<# #(# #.#
#.###..# #.# #.# #.# #.....## #.# #.# #.#
####.## #.# ##############.#


There were no monsters in sight!

Vanquished Creatures
  5 scorpions
  A necrophage (D:5)
  A howler monkey (D:5)
  2 orc priests (D:5)
  A jelly (D:4)
  An iron imp (D:4)
  2 orc wizards (D:5)
  2 river rats
  18 adders
  A shadow imp (D:5)
  2 worms (D:3)
  14 orcs
  11 ball pythons
  4 endoplasms
  A giant cockroach (D:3)
  8 goblins
  2 hobgoblins (D:4)
  3 jackals
  4 kobolds
  4 quokkas
  3 bats
  4 frilled lizards
  8 rats
102 creatures vanquished.

Vanquished Creatures (others)
  A plant (D:1)
1 creature vanquished.

Grand Total: 103 creatures vanquished

Notes
Turn   | Place    | Note
-------+----------+-------------------------------------------
     0 | D:1      | Goreval the Octopode Conjurer began the quest for the Orb.
     0 | D:1      | Reached XP level 1. HP: 11/11 MP: 3/3
   522 | D:1      | Reached XP level 2. HP: 17/17 MP: 1/5
   589 | D:1      | Learned a level 2 spell: Searing Ray
   654 | D:1      | Upgraded the game from 0.29.1-13-g9f3cf754e1 to
                  | 0.29.1-14-g9c671dbff4
   980 | D:1      | Found a faded altar of an unknown god.
  1004 | D:1      | Prayed at the altar of an unknown god.
  1004 | D:1      | Became a worshipper of Dithmenos the Shadowed
  1004 | D:1      | Reached * piety under Dithmenos
  1271 | D:2      | Found a hide-covered altar of Uskayaw.
  1328 | D:2      | Found Wyituseo's Armour Boutique.
  1356 | D:2      | Reached XP level 3. HP: 21/21 MP: 2/6
  1359 | D:2      | Learned a level 2 spell: Blink
  1422 | D:2      | Identified the ring "Waepsut" {Ice Dex+4}
  1496 | D:2      | Found Ercholir's Assorted Antiques.
  1579 | D:2      | Bought a fuming inky potion for 17 gold pieces
  1579 | D:2      | Bought a bubbling green potion for 17 gold pieces
  1651 | D:2      | Found Wacuch's Antique Weapon Shop.
  1955 | D:2      | Found Gyojia's Assorted Antiques.
  2031 | D:2      | Reached XP level 4. HP: 27/27 MP: 4/7
  2035 | D:2      | Learned a level 3 spell: Dazzling Flash
  2112 | D:3      | Found a glowing drain.
  2141 | Sewer    | Entered a sewer
  2279 | Sewer    | Reached ** piety under Dithmenos
  2285 | Sewer    | Reached skill level 1 in Translocations
  2285 | Sewer    | Reached XP level 5. HP: 21/31 MP: 6/9
  3456 | D:4      | Reached skill level 5 in Conjurations
  3623 | D:4      | Reached XP level 6. HP: 36/36 MP: 8/10
  3661 | D:4      | Found a snail-covered altar of Cheibriados.
  4191 | D:5      | Entered Level 5 of the Dungeon
  4379 | D:5      | Found Huho Uzoos's General Store.
  4399 | D:5      | Noticed Edmund
  4606 | D:5      | Reached XP level 7. HP: 41/41 MP: 7/11
  4620 | D:4      | Reached skill level 5 in Stealth
  4782 | D:5      | Got the Anthology of Unhallowed Arts
  4950 | D:5      | Reached skill level 1 in Hexes
  5004 | D:5      | Found a staircase to the Ecumenical Temple.
  5148 | D:5      | Reached *** piety under Dithmenos
  5157 | D:5      | Reached skill level 6 in Conjurations
  5737 | D:5      | Reached XP level 8. HP: 28/46 MP: 9/13
  5741 | D:5      | Learned a level 3 spell: Confusing Touch
  5829 | D:5      | Killed from afar by an orc wizard

Illustrated notes

Levels and vault maps discovered:
D:1:      arrival_zaba_pyramid, layout_loops_ring,
          shapermc_ecumenical_altar_flowoftime
D:2:      layout_loops_ring, serial_shops, shop_statue,
          nicolae_shop_hallway_stairs, shop_fountains, shop, basic_altar,
          solitary_fountain
D:3:      layout_rooms, portal_sewer_entry_a
D:4:      layout_rooms, slow_altar_1
D:5:      dreamdust_elfheim, layout_loops_ring,
          minmay_temple_entry_antechambers, serial_shops, shop,
          minmay_stone_trees_small, minmay_misc_feat_nine_boxes, uniq_edmund

Skill      XL: |  1  2  3  4  5  6  7 |
---------------+----------------------+-----
Stealth        | 3 4 5 |  5.0
Translocations | 1 2 |  2.1
Dodging        | 3 4 |  4.1
Conjurations   | 5 6 |  6.2
Spellcasting   | 3 |  3.8
Hexes          | 2 |  2.9

Action                   |  1- 3 |  4- 6 |  7- 9 || total
-------------------------+-------+-------+-------++-------
Melee: Unarmed           |     8 |       |       ||     8
       Constrict         |     3 |    18 |    13 ||    34
       Tentacles         |     2 |    14 |    14 ||    30
       Dagger            |     6 |       |       ||     6
       Whip              |     1 |    48 |    56 ||   105
       Punch             |       |     1 |       ||     1
Throw: Boomerang         |     1 |       |       ||     1
 Cast: Magic Dart        |    42 |   100 |    68 ||   210
       Confusing Touch   |       |       |     1 ||     1
  Use: Scroll            |       |     5 |       ||     5
       Potion            |       |       |     2 ||     2
 Stab: Sleeping          |       |     6 |       ||     6
Armor: Skin              |     1 |     1 |     2 ||     4
Dodge: Dodged            |    20 |    38 |    34 ||    92
